[Event "ONJK FGH 2"]
[Site "Enschede, Netherlands"]
[Date "2022.08.11"]
[Round "1.1"]
[White "Decraene, Eden"]
[Black "De Labaca, Julia"]
[Result "1-0"]
[TimeControl "25min + 10sec/move"]
[WhiteElo "600"]
[BlackElo "1114"]

1. e4 e5 2. Nf3 Nc6 3. Bc4 Bc5 4.
O-O Nf6 5. Nc3 d6 6. d3 h6 7. h3 g5 8. Nd5 g4 9. hxg4 Bxg4 10. b4 Bb6 11. b5 Nd4 12. Be3 Nxd5 13. Bxd4 Bxf3 14.
Qxf3 Bxd4 15. Bxd5 Qd7 16. Bxb7 Bxa1 17. Bc6 Rd8 18. Bxd7+ Rxd7 19. Rxa1 Re7 20. c4 Re6 21. Qe3 Rg6 22.
Qxa7 Rhg8 23. g3 Kd7 24. b6 h5 25. Qxc7+ Ke6 26. b7 h4 27. b8=Q Rxb8 28. Qxb8 hxg3 29. Qc8+ Ke7 30. Qc7+ Ke6 31.
fxg3 Rxg3+ 32. Kf2 Rg6 33. Rg1 Rf6+ 34. Ke3 Rh6 35. Rg7 Rf6 36. Rg8 Rh6 37. Qc8+ Kf6 38. Qd8+ Ke6 39. Re8# 1-0

[Event "ONJK FGH 2"]
[Site "Enschede, Netherlands"]
[Date "2022.08.11"]
[Round "1.2"]
[White "De Wit, Jim"]
[Black "Verwer, Cedric"]
[Result "0-1"]
[TimeControl "25min + 10sec/move"]
[WhiteElo "889"]
[BlackElo "552"]

1. e4 e5 2. Nf3 Nc6 3. Bb5 a6 4. Ba4 b5 5. Bb3 Nf6 6. d3 Bd6 7. O-O O-O 8. Be3 a5 9. Bd5 Nxd5 10.
exd5 Nb4 11. Nc3 c6 12. a3 Nxd5 13. Nxd5 cxd5 14. Re1 Bb7 15. Bc1 Re8 16. Nd2 a4 17. b3 Qg5 18. Nc4 Qg6 19.
Nxd6 Qxd6 20. Bb2 d4 21. b4 Rac8 22. Qd2 Qc6 23. f3 Qxc2 24. Qxc2 Rxc2 25. Rab1 d5 26. f4 e4 27. Bxd4 Rd2 28.
Rbd1 Rxd1 29. Rxd1 e3 30. Re1 e2 31. Kf2 Bc8 32.
Rxe2 Rxe2+ 33. Kxe2 Bg4+ 34. Ke3 f6 35. g3 h5 36. Bc5 Kf7 37. d4 Ke6 38. h4 g6 39. Ba7 Kf5 40. Bc5 Bh3 41. Kf3 Bg4+ 42. Kf2 Ke4 43.
Ke1 f5 44. Bb6 Kd3 45. Kd1 Kc3+ 46. Ke1 Kb3 47. Bc5 Kxa3 48. Kd2 Ka2 49. Kc2 a3 50.
Bb6 Bf3 51. Kc1 Be4 52. Bc5 Kb3 0-1

[Event "ONJK FGH 2"]
[Site "Enschede, Netherlands"]
[Date "2022.08.11"]
[Round "1.3"]
[White "Oei, Jack"]
[Black "Okita, Ryoga"]
[Result "0-1"]
[TimeControl "25min + 10sec/move"]
[WhiteElo "506"]
[BlackElo "829"]

1. e4 e5 2. Nf3 Nc6 3. Bc4 Bc5 4. O-O d6 5. d3 h6 6. Nc3 Bg4 7. Bd2 Nd4 8. Be3 Nxf3+ 9.
gxf3 Bh3 10. Re1 Bxe3 11. Kh1 Bxf2 12. Rg1 Bxg1 13. Qxg1 Qg5 14.
Qxg5 hxg5 15. Rg1 O-O-O 16. Bxf7 Nf6 17. Nb5 g4 18. Nxa7+ Kb8 19. Nb5 gxf3 20. Nc3 Bg2+ 21.
Rxg2 fxg2+ 22. Kxg2 Ng4 23. Nd5 Nxh2 24. Ne7 Rd7 25. Be6 Rxe7 26. Bf5 Rf7 27. Be6 Rf6 28.
Bc4 Ng4 29. Kg3 Rf2 30. Kxg4 Rxc2 31. b4 Rxc4 32. dxc4 Rh2 33. Kg3 Rxa2 34. Kf3 Ra4 35. b5 Rxc4 36. Ke3 Rb4 37. Kf3 Rxb5 38. Kg4 Rb4 39. Kf5 Rxe4 40. Kxe4 b5 41. Kd3 g5 42. Kc3 g4 43. Kd3 b4 44. Ke3 b3 45. Kd2 g3 46. Kc3 g2 47. Kxb3 g1=Q 48. Kc4 Qc5+ 49. Kd3 Qd4+ 50. Kc2 Qe3 51. Kb2 Qd3 52. Kc1 Qe2 53. Kb1 d5 54. Kc1 d4 55. Kb1 d3 56.
Kc1 d2+ 57. Kb1 d1=R# 0-1

[Event "ONJK FGH 2"]
[Site "Enschede, Netherlands"]
[Date "2022.08.11"]
[Round "2.1"]
[White "Okita, Ryoga"]
[Black "Zhang, Melody"]
[Result "0-1"]
[TimeControl "25min + 10sec/move"]
[WhiteElo "829"]
[BlackElo "667"]

1. e4 e5 2. Nf3 Nc6 3. Bc4 Bc5 4. d3 Nf6 5. Bg5 O-O 6. Nc3 d6 7. h3 h6 8. Bh4 Be6 9. Bd5 Bd7 10. Bc4 Bb4 11. O-O Be6 12. Nd5 Bxd5 13. Bxd5 a5 14. c3 Bc5 15. d4 Bb6 16. Bxf6 Qxf6 17. dxe5 dxe5 18. Bc4 Rad8 19. Qc2 Ne7 20. Rfd1 Nc6 21. Nh2 Rxd1+ 22. Rxd1 Rd8 23. Ng4 Rxd1+ 24. Qxd1 Qf4 25. g3 Qxe4 26. Qd7 Qxc4 27. Qc8+ Kh7 28. Qxb7 Qe4 29. b4 axb4 30. cxb4 Qe1+ 31.
Kh2 Nxb4 32. a3 Nd3 33. Kg2 Nxf2 34.
Nxf2 Qxf2+ 35. Kh1 Qg1# 0-1

[Event "ONJK FGH 2"]
[Site "Enschede, Netherlands"]
[Date "2022.08.11"]
[Round "2.2"]
[White "Verbaken, Ilja"]
[Black "Georgopoulos-Karbouniaris"]
[Result "0-1"]
[TimeControl "25min + 10sec/move"]
[WhiteElo "660"]
[BlackElo "787"]

1. e4 e5 2. Bc4 Nc6 3. Nf3 d6 4. O-O Bg4 5. h3 Bh5 6. Nc3 Nf6 7. d3 h6 8. d4 exd4 9. Nxd4 Bxd1 10. Rxd1 Be7 11. Nxc6 bxc6 12. e5 Nd5 13. Bxd5 cxd5 14. Rxd5 c6 15. Rd2 O-O 16. b3 d5 17. Bb2 Bg5 18. Rd3 d4 19. Ne2 c5 20. b4 Qb8 21. a3 Qxe5 22. bxc5 Qxe2 23.
Rxd4 Qxc2 24. Ra2 Qb1+ 25. Kh2 Qxa2 26. Rb4 Rab8 27. Rxb8 Rxb8 28. Be5 Qxf2 29. Bxb8 Bf4+ 30. Bxf4 Qxf4+ 31. g3 Qf2+ 32. Kh1 Qxc5 33. Kh2 f5 34. a4 g5 35. a5 f4 36. gxf4 gxf4 37. h4 f3 38.
Kh3 f2 39. Kg2 Qe3 40. h5 Qe1 0-1

[Event "ONJK FGH 2"]
[Site "Enschede, Netherlands"]
[Date "2022.08.11"]
[Round "2.3"]
[White "Datta, Satadru"]
[Black "Zantingh, Syd"]
[Result "1-0"]
[TimeControl "25min + 10sec/move"]
[WhiteElo "786"]
[BlackElo "651"]

1. e4 e5 2. Nf3 Nc6 3. Bc4 Bc5 4.
Nc3 Nf6 5. d3 h6 6. Bd2 d6 7. h3 Be6 8. Nd5 Nxd5 9. exd5 Bd7 10. dxc6 Bxc6 11. O-O Bxf3 12. Qxf3 O-O 13. Qg3 Kh8 14.
Rfe1 Qf6 15. Be3 Bb6 16. Bxb6 axb6 17. a3 c6 18. Re3 d5 19. Bb3 Rae8 20. Qf3 Qxf3 21. Rxf3 e4 22. dxe4 dxe4 23.
Re3 b5 24. Rae1 f5 25. f3 c5 26. fxe4 fxe4 27. Rxe4 Rxe4 28. Rxe4 c4 29. Ba2 Rd8 30. Re1 Rd2 31. Bb1 Kh7 32.
c3+ Kg8 33. Kf1 Rxb2 34. Rc1 Rb3 35. Ke2 Rxa3 36. Kd2 Ra4 37. Bc2 Ra2 38. Ke3 Ra3 39. Be4 b6 40. Bc6 b4 41. Kd4 bxc3 42. Rxc3 Ra2 43. Kxc4 Ra4+ 44.
Bxa4 Kf7 45. Kb5 Kf6 46. Kxb6 Ke5 47. Rg3 g5 48. Rf3 h5 49. Bc2 h4 50. Rf5+ Kd4 51. Rxg5 Kc3 52. Bf5 Kd4 53.
Rh5 Ke5 54. Bb1+ Kf4 55. Rxh4+ Kg3 56. Rg4+ Kh2 57. h4 Kg1 58. h5 Kh2 59. h6 Kg1 60. h7 Kh2 61. h8=Q+ Kg1 62. Rh4 Kxg2 63.
Qg8+ Kf3 64. Qg4+ Kf2 65. Rh3 Kf1 66. Rh2 Ke1 67. Qg1# 1-0

[Event "ONJK FGH 2"]
[Site "Enschede, Netherlands"]
[Date "2022.08.12"]
[Round "3.1"]
[White "Georgopoulos-Karbouniaris"]
[Black "Westerhof, Siem"]
[Result "1-0"]
[TimeControl "25min + 10sec/move"]
[WhiteElo "787"]
[BlackElo "739"]

1. e4 e5 2. c3 Nc6 3.
d4 exd4 4. cxd4 d5 5. e5 f6 6.
Nf3 fxe5 7. Nxe5 Nxe5 8. dxe5 Bf5 9. Be2 Bb4+ 10. Bd2 Bxd2+ 11. Nxd2 Qe7 12. O-O Qxe5 13. Re1 Qf6 14. Ba6+ Ne7 15. Bxb7 Rb8 16. Bxd5 Rxb2 17.
Qa4+ Bd7 18. Qd1 Kd8 19.
Nc4 Qxf2+ 20. Kh1 Rc2 21. Ne3 Nxd5 22. Nxc2 Bc6 23. Nb4 Qc5 24. Nxd5 Bxd5 25. Rc1 Qd6 26. Qg4 Re8 27. Qg5+ Kd7 28.
Qxg7+ Kd8 29. Rxe8+ Kxe8 30. Re1+ Kd8 31. Qh8+ Kd7 32. Qe8# 1-0

[Event "ONJK FGH 2"]
[Site "Enschede, Netherlands"]
[Date "2022.08.12"]
[Round "3.2"]
[White "Zantingh, Kyo"]
[Black "Datta, Satadru"]
[Result "1-0"]
[TimeControl "25min + 10sec/move"]
[WhiteElo "739"]
[BlackElo "786"]

1. e4 e5 2. Nf3 Nc6 3. Bc4 Bc5 4.
c3 Nf6 5. d4 exd4 6. cxd4 Bb6 7. d5 Nb4 8. e5 Ng4 9. O-O O-O 10. Ng5 Nh6 11. a3 Na6 12. Qc2 f5 13. d6+ Kh8 14.
Qb3 Nc5 15. Qa2 f4 16. e6 Qxg5 17. e7 Re8 18. Bf7 Nxf7 19. Qxf7 Qg6 20. Qf8+ Rxf8 21. exf8=Q# 1-0

[Event "ONJK FGH 2"]
[Site "Enschede, Netherlands"]
[Date "2022.08.12"]
[Round "3.3"]
[White "Mousa, Besher"]
[Black "Terlouw, Frank"]
[Result "1-0"]
[TimeControl "25min + 10sec/move"]
[WhiteElo "782"]
[BlackElo "731"]

1. e4 d6 2. Nf3 Nf6 3. Nc3 c6 4.
a3 e5 5.
Bc4 h6 6. O-O Be7 7. h3 O-O 8. d3 b5 9. Ba2 Nbd7 10. Nh2 Bb7 11. Qf3 Nb6 12. Qg3 Kh7 13. Re1 Nh5 14. Qf3 Nf6 15.
Qf5+ g6 16. Qf3 Bc8 17. Qe3 Ng8 18. Ng4 Bxg4 19. hxg4 Bg5 20. Qf3 Bxc1 21. Raxc1 Nf6 22. Qh3 Qd7 23. f3 g5 24. Kf2 a5 25.
Rh1 Ng8 26. Rh2 Qa7 27. b4 axb4 28. axb4 Na4+ 29. Kg3 Nxc3 30. Re1 Nxa2 31. Ra1 Qe3 32. Rah1 Qf4+ 33. Kf2 Qf6 34. Qh5 Qg6 35. Qh3 f6 36. g3 Nxb4 37. c3 Ra2+ 38. Ke3 Rxh2 39.
Qxh2 Na6 40. f4 Qf7 41. f5 Qa7+ 42. Kf3 d5 43. exd5 cxd5 44. Qh5 Qf7 45. Qh3 Rc8 46. Ra1 Qb7 47.
Qh5 Qg7 48. Rxa6 Rxc3 49. Ke2 b4 50. Rb6 Ne7 51. Rb7 b3 52. Qe8 Rc8 53. Qxe7 Qxe7 54. Rxe7+ Kg8 55. Rb7 Rc3 56. Kd2 d4 57. Rb8+ Kf7 58. Rb7+ Ke8 59.
Rb8+ Kd7 60. Rb4 Kc6 61. Ke2 Kc5 62.
Rb8 Rc2+ 63. Kd1 Rc3 64. Kd2 Kd5 65. Rd8+ Kc5 66. Rb8 Kd6 67. Rb6+ Kc7 68. Rxf6 b2 69. Rf7+ Kd6 70. Rb7 Rc7 71.
Rxb2 Rc6 72. Rb1 Ra6 73. Rf1 Ra2+ 74. Ke1 Ra1+ 75. Ke2 Rxf1 76. Kxf1 Ke7 77. Kf2 Kf6 78. Kf3 Ke7 79. Ke4 Kf6 80. Kd5 h5 81. gxh5 Kxf5 82. g4 Kf6 83. Ke4 Ke6 84. Kf3 Kf6 85.
Ke4 Ke6 86. h6 Kf7 87. Kf5 e4 88. Kxe4 Kg6 89. Kxd4 Kxh6 90. Ke5 Kg6 91. d4 Kf7 92. Kf5 Ke7 93. Kxg5 Kd6 94. Kf6 Kd5 95. g5 Kxd4 96. Kf7 Ke5 97.
g6 Kf5 98. g7 Kg5 99. g8=Q+ Kf5 100.
Qg6+ Ke5 101. Qf6+ Kd5 102. Qe6+ Kd4 103. Kf6 Kc5 104. Qd7 Kc4 105. Ke5 Kc3 106. Ke4 Kc4 107. Qd4+ Kb5 108. Kd5 Ka6 109. Qb2 Ka7 110. Kc6 Ka8 111. Qb7# 1-0

[Event "ONJK FGH 2"]
[Site "Enschede, Netherlands"]
[Date "2022.08.12"]
[Round "4.1"]
[White "Oelmeijer, Sjoerd"]
[Black "Georgopoulos-Karbouniaris"]
[Result "1/2-1/2"]
[TimeControl "25min + 10sec/move"]
[WhiteElo "743"]
[BlackElo "787"]

1. e4 e5 2. Nf3 Nc6 3. Bc4 Bc5 4. O-O d6 5. d3 h6 6. Nc3 Bg4 7. h3 Bh5 8. Nxe5 Bxd1 9. Bxf7+ Kf8 10.
Ng6+ Kxf7 11. Nxh8+ Kf8 12. Ng6+ Kf7 13. Nh8+ Kf8 14. Ng6+ Kf7 15. Nh8+ Kf8 16. Ng6+ 1/2-1/2

[Event "ONJK FGH 2"]
[Site "Enschede, Netherlands"]
[Date "2022.08.12"]
[Round "4.2"]
[White "Zantingh, Kyo"]
[Black "Mousa, Besher"]
[Result "1-0"]
[TimeControl "25min + 10sec/move"]
[WhiteElo "739"]
[BlackElo "782"]

1. e4 e5 2. Nf3 Nc6 3.
Bc4 Bc5 4. c3 a6 5. d4 exd4 6.
cxd4 Ba7 7. Ng5 Nh6 8. d5 Nb8 9.
Nf3 O-O 10. Bxh6 gxh6 11. O-O Qf6 12. Nc3 b5 13. Bb3 b4 14. Na4 d6 15. Qd3 Qg6 16. Nh4 Qg5 17. Nf3 Qg6 18. Bc2 Bh3 19.
Nh4 Qg5 20. Qxh3 Qd2 21. Qg4+ Kh8 22. Bb1 Bxf2+ 23. Rxf2 Qe1+ 24. Rf1 Qe3+ 25. Kh1 Rg8 26. Qf5 Qe2 27. e5 dxe5 28. Qxh7# 1-0

[Event "ONJK FGH 2"]
[Site "Enschede, Netherlands"]
[Date "2022.08.12"]
[Round "4.3"]
[White "De Labaca, Julia"]
[Black "Westerhof, Siem"]
[Result "1-0"]
[TimeControl "25min + 10sec/move"]
[WhiteElo "1114"]
[BlackElo "739"]

1. e4 e5 2. Nf3 Nc6 3. Nc3 Nf6 4. d4 exd4 5. Nxd4 Nxd4 6. Qxd4 d6 7. Bg5 Be7 8. Bxf6 Bxf6 9. Qe3 O-O 10.
O-O-O Re8 11. Bc4 c6 12. Qe2 Bxc3 13. bxc3 Bf5 14. f3 d5 15. Bb3 dxe4 16. Rxd8 exf3 17. Rxe8+ Rxe8 18. Qxe8# 1-0

[Event "ONJK FGH 2"]
[Site "Enschede, Netherlands"]
[Date "2022.08.12"]
[Round "5.1"]
[White "Georgopoulos-Karbouniaris"]
[Black "Zantingh, Kyo"]
[Result "0-1"]
[TimeControl "25min + 10sec/move"]
[WhiteElo "787"]
[BlackElo "739"]

1. e4 f5 2. c3 fxe4 3. f3 exf3 4. Nxf3 Nf6 5.
d4 e6 6.
Bg5 Be7 7. Nbd2 O-O 8. Be2 Nh5 9. Bxe7 Qxe7 10. Ne5 Qf6 11. Ng4 Qf7 12. Bf3 Nf6 13. Ne5 Qe8 14. O-O d6 15. Ng4 Nxg4 16.
Bxg4 Rxf1+ 17. Qxf1 Nc6 18. Nf3 Bd7 19. b4 a5 20. b5 Na7 21. a4 c6 22. c4 d5 23. b6 Nc8 24. c5 Ne7 25.
Ne5 Ng6 26. Nxd7 Qxd7 27. Bh5 Rf8 28. Qb1 Nf4 29. Bf3 Qe7 30. Qe1 Nd3 31. Qd2 Nf4 32. Qe1 Nd3 33. Qd2 Nf4 34. Qe1 Qg5 35. h4 Qg6 36. h5 Qg5 37.
Qe5 Qg3 38. Qe1 Nh3+ 39. Kf1 Rxf3+ 40. gxf3 Qxf3+ 41. Qf2 Qxf2# 0-1

[Event "ONJK FGH 2"]
[Site "Enschede, Netherlands"]
[Date "2022.08.12"]
[Round "5.2"]
[White "De Wit, Jim"]
[Black "Oelmeijer, Sjoerd"]
[Result "1/2-1/2"]
[TimeControl "25min + 10sec/move"]
[WhiteElo "889"]
[BlackElo "743"]

1. e4 e5 2. Nf3 Nc6 3. Bb5 a6 4.
Bxc6 dxc6 5. O-O Bd6 6. d4 exd4 7. Nxd4 Ne7 8. Nc3 Bc5 9. Be3 Bxd4 10. Bxd4 O-O 11. e5 Nf5 12. Bc5 Re8 13.
Re1 b6 14. Qxd8 Rxd8 15. Be3 Nxe3 16. Rxe3 Be6 17. Ne4 Rd7 18. Rg3 Kf8 19. Ng5 h6 20. Nxe6+ fxe6 21. Rf3+ Ke7 22. Rc1 Rad8 23.
Re3 Rd1+ 24. Re1 R1d2 25. h3 R8d5 26. Kf1 Rc5 27. Re2 Rxe2 28. Kxe2 Rxe5+ 29. Kf1 Ra5 30. a3 Rb5 31. b3 Ra5 32.
Ra1 Rd5 33. g4 Rd2 34. Rc1 Rd5 35. Rb1 Rc5 36. Rb2 Rc3 37. Kg2 Rc5 38. f4 e5 39. c4 exf4 40. Re2+ Kf6 41. Kf3 g5 42.
Re1 Re5 43. Rb1 Re3+ 44. Kg2 Rg3+ 45. Kh2 Re3 46. Rb2 Re1 47. Ra2 Rb1 48. b4 Rc1 49. c5 bxc5 50. bxc5 Rxc5 51. Kg2 Rc3 52.
a4 c5 53. a5 c4 54. Ra1 Rc2+ 55. Kh1 c3 56. Kg1 Rd2 57. Kf1 c2 58. Ke1 Rh2 59. Rc1 Rh1+ 60. Kd2 Rh2+ 61. Ke1 Rh1+ 62. Kd2 Rxc1 63. Kxc1 Ke5 64. Kxc2 Ke4 65. Kd2 Kf3 66. Ke1 Kg2 67. Ke2 f3+ 68. Ke3 f2 69. Kd2 f1=Q 70. Kc3 Kxh3 71. Kd4 Qf4+ 72. Kc5 Qe4 1/2-1/2

[Event "ONJK FGH 2"]
[Site "Enschede, Netherlands"]
[Date "2022.08.12"]
[Round "5.3"]
[White "Datta, Satadru"]
[Black "De Labaca, Julia"]
[Result "0-1"]
[TimeControl "25min + 10sec/move"]
[WhiteElo "786"]
[BlackElo "1114"]

1. e4 e5 2. Nf3 Nc6 3. Bc4 Bc5 4.
Nc3 Nf6 5. d3 h6 6. Na4 Bb6 7. Bd2 d6 8. h3 Bd7 9. Nc3 g5 10. Nd5 g4 11. Nxf6+ Qxf6 12. hxg4 Bxg4 13. c3 O-O-O 14. Qe2 Rdg8 15. O-O-O Rg6 16. Rdf1 Rhg8 17. Rhg1 Bxf3 18. gxf3 Rxg1 19. Rxg1 Rxg1+ 20. Be1 Qg5+ 21. Kd1 Qh4 22.
Kd2 Rg2 23. Qf1 Qg5+ 24. Kc2 Rg1 25. Qe2 Qg2 26. Bxf7 Rf1 27. Kd1 Bxf2 28. Be6+ Kb8 29. Bh3 Rxe1+ 30. Qxe1 Qxh3 31. Qxf2 Qh1+ 32.
Ke2 a6 33. Ke3 Qc1+ 34. Qd2 Qg1+ 35. Qf2 Qg5+ 36. Ke2 h5 37. Qe3 Qh4 38. Qf2 Qh3 39. Qf1 Qe6 40. b3 h4 41. Qg1 h3 42.
Qh2 Qh6 43. Kf2 Qh4+ 44. Qg3 Qh6 45. Kg1 Qc1+ 46. Kh2 Qc2+ 47. Kxh3 Qxa2 48. Qg8+ Ka7 49. Qg1+ b6 50. Qg7 Kb7 51.
b4 Qe6+ 52. Kh4 d5 53. Kg5 d4 54. c4 Nxb4 55. Qf6 Qh3 56. Qxe5 Qxf3 57. Qxd4 Nxd3 58. Qd5+ Kc8 59. Qa8+ Kd7 60.
Qxa6 Qxe4 61. Qa4+ Qc6 62. Qd1 Qxc4 63. Qh5 Qc5+ 64. Kh6 Qxh5+ 65. Kxh5 b5 66. Kg4 b4 67. Kf3 b3 68. Ke2 b2 69. Kxd3 b1=Q+ 70. Kc4 Qa2+ 71.
Kb4 c6 72. Kc3 c5 73. Kd3 c4+ 74. Kc3 Kc7 75. Kd4 c3 76. Ke3 c2 77. Kd2 Qb1 78. Kd3 c1=Q+ 79. Kd4 Qb4+ 80. Kd5 Qbd2+ 81. Ke4 Qce1+ 82. Kf3 Qdf2+ 83. Kg4 Qeg1+ 84. Kh3 Qfg3# 0-1

[Event "ONJK FGH 2"]
[Site "Enschede, Netherlands"]
[Date "2022.08.12"]
[Round "6.1"]
[White "De Labaca, Julia"]
[Black "Zantingh, Kyo"]
[Result "0-1"]
[TimeControl "25min + 10sec/move"]
[WhiteElo "1114"]
[BlackElo "739"]

1. e4 e5 2. Nf3 Nc6 3. Nc3 Bc5 4.
Nxe5 Nxe5 5. d4 Bxd4 6. Qxd4 Qf6 7. Bc4 Nf3+ 8. gxf3 Qxd4 9.
Bb3 Qf6 10. Be3 Qxf3 11. Rg1 Qf6 12.
O-O-O d6 13. Bd4 Qh6+ 14. Kb1 f6 15. Nd5 Kd8 16. f4 c6 17. Ne3 Qxf4 18. Nf5 Bxf5 19. exf5 Qxf5 20. Rxg7 c5 21.
Bc3 Ne7 22. a3 b5 23. Rxd6+ Ke8 24. Bf7+ Kf8 25. Be6 Qf1+ 26. Ka2 Kxg7 27. Bd5 Nxd5 28. Rxd5 Qc4+ 29. b3 Qxd5 30. Bb2 c4 31.
bxc4 Qxc4+ 32. Kb1 Rac8 33. Ka1 Qf1+ 34.
Ka2 Rxc2 35. a4 Qc4+ 36. Kb1 Qxa4 37. Ba1 Qa2# 0-1

[Event "ONJK FGH 2"]
[Site "Enschede, Netherlands"]
[Date "2022.08.12"]
[Round "6.2"]
[White "Ma, Tim"]
[Black "Oelmeijer, Sjoerd"]
[Result "1-0"]
[TimeControl "25min + 10sec/move"]
[WhiteElo "757"]
[BlackElo "743"]

1. e4 e5 2. Nf3 Nc6 3.
Bc4 Bc5 4. Nc3 Nf6 5. d3 O-O 6. Bg5 h6 7. Be3 Bxe3 8.
fxe3 Ng4 9. Qe2 d6 10. O-O Nf6 11.
Nh4 Be6 12. Bb3 Qd7 13. Bxe6 Qxe6 14. Qf3 Qg4 15. Qxg4 Nxg4 16. Rf3 Nf6 17. Rg3 Rad8 18. Nf5 Ne8 19. Nxh6+ Kh8 20. Nf5 g6 21.
Rh3+ Kg8 22. Nh6+ Kg7 23. Ng4 Nf6 24. Nxf6 Kxf6 25. Nd5+ Kg7 26. Rf1 Rc8 27. Nf6 Rh8 28. Rhf3 Rhd8 29. Nd5 Rd7 30. Nf6 Rdd8 31. Nd5 Rd7 32.
b4 Rf8 33. b5 Ne7 34. Nf6 Rdd8 35. Rg3 c6 36. c4 cxb5 37. cxb5 a6 38. a4 axb5 39. axb5 b6 40. Rff3 d5 41.
Rg4 dxe4 42. dxe4 Rd1+ 43. Kf2 Rd2+ 44. Ke1 Rb2 45. Rh4 Rh8 46. Rxh8 Kxh8 47. Nd7 Rxb5 48. Rxf7 Rb1+ 49. Kd2 Rb2+ 50.
Kc1 Rxg2 51. Nf6 Rxh2 52. Rxe7 g5 53. Rxe5 b5 54. Rxg5 Rh1+ 55. Kc2 Rh2+ 56. Kd3 Rg2 57. Rxg2 1-0

[Event "ONJK FGH 2"]
[Site "Enschede, Netherlands"]
[Date "2022.08.12"]
[Round "6.3"]
[White "Okita, Ryoga"]
[Black "De Wit, Jim"]
[Result "0-1"]
[TimeControl "25min + 10sec/move"]
[WhiteElo "829"]
[BlackElo "889"]

1. e4 e5 2. Nf3 Nc6 3. Bc4 d6 4. d3 Nf6 5. Nc3 Be7 6. h3 O-O 7. O-O h6 8. d4 Bd7 9. dxe5 dxe5 10.
Be3 Re8 11. Qd2 Bf8 12. Nd5 Nxe4 13. Qd3 Bf5 14. g4 Bh7 15. Qe2 a6 16. Nd2 Nxd2 17. Qxd2 b5 18. Bb3 a5 19. a3 a4 20.
Ba2 Bd6 21. Bxh6 gxh6 22. Qxh6 Re6 23. Qh5 Rg6 24. f4 exf4 25.
Nxf4 Bxf4 26. Rxf4 Rg7 27. Bxf7+ Kh8 28. Raf1 Nd4 29. Rf6 Ne2+ 30. Kh2 Qd2 31. R1f2 Qe3 32. Bd5 Qg3+ 33. Kh1 Qg1# 0-1

[Event "ONJK FGH 2"]
[Site "Enschede, Netherlands"]
[Date "2022.08.13"]
[Round "7.1"]
[White "Zantingh, Kyo"]
[Black "Ma, Tim"]
[Result "0-1"]
[TimeControl "25min + 10sec/move"]
[WhiteElo "739"]
[BlackElo "757"]

1. e4 e5 2. Nf3 Nc6 3. Bc4 Bc5 4. c3 d6 5. d4 Bb6 6. dxe5 dxe5 7. Qxd8+ Kxd8 8. Ng5 Nh6 9. Bxf7 Rf8 10. Bc4 Bxf2+ 11. Kd1 Bg4+ 12.
Be2 Ke7 13. Bxg4 Nxg4 14. Bd2 Rad8 15. Nxh7 Rh8 16. Ng5 Be3 17. Nf3 Bxd2 18. Nbxd2 Nf2+ 19. Kc2 Nxh1 20. Rxh1 Kf6 21. g4 Rhf8 22.
h4 g6 23. Ng5 Rh8 24. Rf1+ Kg7 25. Ne6+ Kh6 26. Nxd8 Rxd8 27. g5+ Kh5 28. Rg1 Kxh4 29. Nf3+ Kh5 30. Rg3 Rd7 31. b3 a6 32. b4 b5 33. Kb3 Rd3 34. Kc2 Re3 35. Kd2 Rxe4 36.
Kd3 Rf4 37. Ke3 Rc4 38. Kf2 Rxc3 39. Kg2 Rc4 40. Kh3 Rxb4 41. a3 Rc4 42. Nd2 Ra4 43. Re3 a5 44. Nf3 b4 45. axb4 Rxb4 46.
Rc3 e4 47. Rxc6 exf3 48. Rc3 Rf4 49. Kg3 Kxg5 50. Rxf3 Rxf3+ 51. Kxf3 a4 52. Ke3 a3 53.
Kd3 a2 54. Kc2 a1=Q 55. Kd3 Qa3+ 56. Kc4 Kf4 57. Kd4 g5 58. Kc4 g4 59. Kd4 g3 60. Kc4 g2 61. Kd4 g1=R 62. Kc4 Rc1+ 63. Kd4 Qc5+ 64. Kd3 Qe3# 0-1

[Event "ONJK FGH 2"]
[Site "Enschede, Netherlands"]
[Date "2022.08.13"]
[Round "7.2"]
[White "De Wit, Jim"]
[Black "De Labaca, Julia"]
[Result "1-0"]
[TimeControl "25min + 10sec/move"]
[WhiteElo "889"]
[BlackElo "1114"]

1. e4 e5 2. Nf3 Nc6 3. Bb5 Bc5 4. O-O Nf6 5. Nc3 O-O 6. d3 h6 7. h3 d6 8. Bd2 a6 9. Bxc6 bxc6 10.
Re1 Be6 11. a3 Rb8 12. Qb1 Nd7 13. b4 Bb6 14. Be3 d5 15. exd5 cxd5 16. Bxb6 Rxb6 17. Nxe5 Nxe5 18. Rxe5 Qf6 19.
Qe1 d4 20. Na4 Rc6 21. Rc5 Bd7 22. Rxc6 Bxc6 23. Nc5 Re8 24. Qd2 Qg6 25. g3 Qf5 26. Qd1 Qxh3 27. f3 Qxg3+ 28. Kf1 Bxf3 29.
Qd2 Re2 30. Qxe2 Bxe2+ 31. Kxe2 Qe3+ 32. Kf1 h5 33. Nxa6 h4 34. Kg2 h3+ 35. Kh2 g5 36. Rg1 f6 37. Nc5 f5 38. Rg3 Qe5 39.
Kxh3 f4 40. Rg2 Qf5+ 41. Kh2 f3 42. Rf2 g4 43. Ne4 Qf4+ 44. Kg1 g3 45. Rf1 g2 46. Rf2 Kg7 47. Nc5 Kh6 48. Ne6 Qg3 49.
Nxd4 Kh5 50. Nxf3 Qf4 51. Kxg2 Qg4+ 52. Kh1 Qh3+ 53. Rh2 Qxh2+ 54. Nxh2 Kg5 55. a4 Kf5 56. a5 c6 57. a6 Ke6 58.
a7 Kd5 59. a8=Q Kd6 60. c4 Kd7 61. Qb7+ Kd6 62. c5+ Kd5 63. Qd7+ Ke5 64. Qd6+ Kf5 65. Qxc6 Ke5 66. b5 Kd4 67. b6 Kxd3 68. b7 Kc4 69.
b8=Q Kc3 70. Qcd6 Kc4 71. c6 Kc3 72. c7 Kc4 73. c8=R# 1-0

[Event "ONJK FGH 2"]
[Site "Enschede, Netherlands"]
[Date "2022.08.13"]
[Round "7.3"]
[White "Oelmeijer, Sjoerd"]
[Black "Okita, Ryoga"]
[Result "0-1"]
[TimeControl "25min + 10sec/move"]
[WhiteElo "743"]
[BlackElo "829"]

1. e4 e5 2. Nf3 Nc6 3. Bc4 Nf6 4. Ng5 d5 5.
exd5 Na5 6. Qe2 Nxc4 7. Qxc4 Nxd5 8.
d3 h6 9.
Nf3 c6 10. O-O Bd6 11. Re1 f6 12. b3 Qa5 13. Bd2 Qc7 14. d4 O-O 15. dxe5 fxe5 16. Nc3 Be6 17. Nxd5 Bxd5 18. Qe2 Bxf3 19.
gxf3 e4 20. Qxe4 Bxh2+ 21. Kf1 Qd7 22. Qd3 Qh3+ 23. Ke2 Rae8+ 24. Kd1 Rxe1+ 25. Kxe1 Qxf3 26. Qxf3 Rxf3 27. Ke2 Rf8 28. Rh1 Be5 29.
Rg1 Kh7 30. Bb4 Rf7 31. Bc5 b6 32. Be3 Rd7 33. f4 Bf6 34. Rd1 Rxd1 35. Kxd1 g5 36. fxg5 Bxg5 37. Bxg5 hxg5 38. Ke2 Kg6 39. Kf3 Kf5 40. Kg3 g4 41.
Kg2 Kf4 42. Kf2 g3+ 43. Kg2 Ke3 44. Kxg3 Kd2 45. Kf4 Kxc2 46. Ke5 Kb2 47. Kd6 c5 48.
Kc7 Kxa2 49. Kb7 Kxb3 50. Kxa7 c4 51. Kxb6 c3 52.
Kc5 c2 53. Kd4 c1=Q 54. Ke4 Qd2 55. Ke5 Qd3 56. Kf6 Qe4 57. Kg7 Qf5 58. Kh8 Qg5 59. Kh7 Kc4 60. Kh8 Kd5 61. Kh7 Ke6 62. Kh8 Kf7 0-1

[Event "ONJK FGH 2"]
[Site "Enschede, Netherlands"]
[Date "2022.08.13"]
[Round "8.1"]
[White "Ma, Tim"]
[Black "De Wit, Jim"]
[Result "1-0"]
[TimeControl "25min + 10sec/move"]
[WhiteElo "757"]
[BlackElo "889"]

1. e4 c5 2. Nf3 d6 3.
d4 cxd4 4. Nxd4 Nc6 5. Nxc6 bxc6 6. Nc3 e5 7. Bc4 Nf6 8. Bg5 Be7 9. O-O O-O 10. Qd2 Bd7 11. Rad1 Qc7 12.
Bxf6 Bxf6 13. Qxd6 Qxd6 14. Rxd6 Rad8 15. Rfd1 Bg4 16.
Rxd8 Bxd8 17. f3 Bb6+ 18. Kf1 Bc8 19. Rd6 Bb7 20. b4 Bd4 21. Ne2 Bb6 22. a4 Ba8 23. a5 Be3 24. c3 Kh8 25.
Rd7 Kg8 26. Re7 Bf4 27. Nxf4 exf4 28. Rxa7 g6 29. g3 fxg3 30. hxg3 Kg7 31. Kf2 Kf6 32. Ke3 Ke5 33. Rxf7 Rxf7 34. Bxf7 Kf6 35. Bc4 Ke5 36. b5 cxb5 37. Bxb5 Kd6 38. c4 Kc5 39. a6 Bc6 40. f4 Bxb5 41.
cxb5 Kb6 42. e5 Kc7 43. e6 Kd6 44. a7 Kxe6 45.
a8=Q Kd6 46. b6 Kd7 47. b7 Kc7 48. b8=R Kd7 49. Qb7+ Ke6 50. Re8+ Kd6 51.
Qe7+ Kc6 52. Rd8 Kc5 53. Qc7+ Kb5 54. Rb8+ Ka5 55. Qa7# 1-0

[Event "ONJK FGH 2"]
[Site "Enschede, Netherlands"]
[Date "2022.08.13"]
[Round "8.3"]
[White "Georgopoulos-Karbouniaris"]
[Black "Mousa, Besher"]
[Result "1-0"]
[TimeControl "25min + 10sec/move"]
[WhiteElo "787"]
[BlackElo "782"]

1. e4 e5 2. c3 Nf6 3. d4 Nc6 4. dxe5 Nxe5 5. Bf4 Nc6 6.
Nf3 Qe7 7. Be2 d6 8. Nbd2 Bd7 9. Bg5 h6 10. Bh4 g5 11. Bg3 O-O-O 12. O-O Nxe4 13. Nxe4 Qxe4 14. Re1 Qg6 15. Bd3 Bf5 16.
Bxf5+ Qxf5 17. Nd4 Nxd4 18. Qxd4 Bg7 19. Qxg7 f6 20.
Re7 Kb8 21. Rxc7 Rc8 22. Rxb7+ Ka8 23. Rxa7+ Kb8 24. Qb7# 1-0

[Event "ONJK FGH 2"]
[Site "Enschede, Netherlands"]
[Date "2022.08.13"]
[Round "9.1"]
[White "Ma, Tim"]
[Black "Georgopoulos-Karbouniaris"]
[Result "1-0"]
[TimeControl "25min + 10sec/move"]
[WhiteElo "757"]
[BlackElo "787"]

1. e4 e5 2. Nf3 c6 3. Nc3 Nf6 4. Bc4 d5 5. exd5 cxd5 6.
Bb5+ Bd7 7. Bxd7+ Nbxd7 8. O-O Bb4 9. d4 e4 10. Re1 O-O 11. Ne5 Nxe5 12. dxe5 Nd7 13. Qxd5 Nb6 14. Qxe4 Bxc3 15.
bxc3 f6 16. Ba3 Re8 17. Qd4 Rxe5 18. Rxe5 Qxd4 19. cxd4 fxe5 20. dxe5 Nc4 21. Bd6 Nxd6 22. exd6 Rd8 23. Rd1 Kf7 24. Kf1 Ke6 25. Ke2 Rxd6 26.
Rxd6+ Kxd6 27. Kd3 b5 28.
c4 bxc4+ 29. Kxc4 h6 30. Kb5 Kc7 31. a4 Kb7 32.
f4 a6+ 33. Ka5 g6 34. g4 g5 35. f5 Kc6 36. f6 Kd6 37. f7 Ke7 38. Kxa6 Kxf7 39. Kb6 Ke6 40. a5 Ke5 41.
a6 Kf4 42. a7 Kxg4 43. a8=Q Kh5 44. Qf3+ g4 45. Qf5+ Kh4 46. Qg6 h5 47. Qf6+ Kh3 48.
Qg5 h4 49. Kc5 g3 50. hxg3 hxg3 51. Qc1 g2 52. Qg1 Kg3 53. Kd4 Kh3 54. Ke3 Kg3 55. Ke2 Kh3 56. Kf2 Kg4 57. Qxg2+ Kf4 58. Qg3+ Kf5 59. Ke3 Kf6 60. Qf4+ Ke6 61. Kd4 Ke7 62. Qg5+ Kd6 63. Qg6+ Kc7 64. Kc5 Kd7 65. Kd5 Kc7 66. Qd6+ Kb7 67. Qc6+ Ka7 68. Kc5 Kb8 69. Qd7 Ka8 70. Kb6 Kb8 71. Qd8# 1-0